 Dungeon Crawl Stone Soup version 0.19-a0-599-g723c685 (webtiles) character file.

1108 Charly the Cleaver (level 8, -3/105 HPs)
             Began as a Minotaur Berserker on June 11, 2016.
             Was a Believer of Trog.
             Killed by divine providence
             ... invoked by an orc priest
              (10 damage)
             ... on level 11 of the Dungeon.
             The game lasted 00:14:38 (717 turns).

Charly the Cleaver (Minotaur Berserker)              Turns: 717, Time: 00:14:39

Health: -3/105     AC: 24    Str: 26    XL:     8   Next: 11%
Magic:  7/7        EV:  2    Int:  4    God:    Trog [**....]
Gold:   11         SH:  0    Dex: 16    Spells: 0 memorised, 7 levels left

rFire  . . .     SeeInvis .     a - +0 hand axe
rCold  + . .     Gourm    .     (armour currently unavailable)
rNeg   + + +     Faith    .     (no shield)
rPois  +         Spirit   .     (helmet currently unavailable)
rElec  .         Dismiss  .     (cloak currently unavailable)
rCorr  .         Reflect  .     (gloves currently unavailable)
SustAt .         Harm     .     (boots currently unavailable)
MR     .....     NoTele   +     (no amulet)
Stlth  +.........               (no ring)
                                q - ring "Qoitiq" {rC+ Dex+3}

@: mighty, tree-form, starving, not resistant to hostile enchantments, very
unstealthy
A: (retaliatory headbutt), (horns 0)
a: Berserk, Trog's Hand, Burn Spellbooks, Renounce Religion


You were on level 11 of the Dungeon.
You worshipped Trog.
Trog was pleased with you.
You were starving.
You were a tree.
You visited 1 branch of the dungeon, and saw 11 of its levels.

You collected 77 gold pieces.
You spent 66 gold pieces at shops.

Inventory:

Hand Weapons
 a - a +0 hand axe (weapon)
Missiles
 m - 13 poisoned needles
Armour
 k - a +0 scale mail (melded)
 n - a +0 cloak (melded)
 s - a +0 pair of gloves (melded)
Jewellery
 q - the ring "Qoitiq" (left branch) {rC+ Dex+3}
   (You found it on level 4 of the Dungeon)

   [ring of protection from cold]

   It affects your dexterity (+3).
   It protects you from cold.
Scrolls
 e - a scroll of random uselessness {unknown}
 i - 3 scrolls of remove curse {unknown}
 o - a scroll of teleportation {unknown}
 p - a scroll of enchant armour {unknown}
 t - a scroll of magic mapping {unknown}
Potions
 g - 2 potions of magic
 j - a potion of curing {unknown}
 r - 2 potions of cure mutation
Comestibles
 c - 3 bread rations
 f - 2 meat rations


   Skills:
 + Level 5.9 Fighting
 * Level 9.0 Axes
 + Level 5.0 Armour
 + Level 4.7 Dodging


You had 7 spell levels left.
You didn't know any spells.

Dungeon Overview and Level Annotations

Branches:
Dungeon (11/15)
 Temple: D:4-7         Lair: D:8-11         Orc: D:9-12

Altars:
Dithmenos
Pakellas
Vehumet
Yredelemnul

Shops:
D:10 *


Innate Abilities, Weirdness & Mutations

((You reflexively headbutt those who attack you in melee.))
((You have a pair of horns on your head.))


Message History

The centaur skeleton hits you.
* * * LOW HITPOINT WARNING * * *
You turn into a tree.
Your +0 cloak melds into your body.
Your +0 pair of gloves melds into your body.
Your +0 scale mail melds into your body.
Your roots penetrate the ground.
The centaur skeleton hits you.
* * * LOW HITPOINT WARNING * * *
Unknown command.
It was a potion of magic.
Magic courses through your body.
The centaur skeleton hits you but does no damage.
You hear some strange, mumbled words.
It was a potion of berserk rage.
You're too hungry to go berserk.
Your skin stops crawling.
You feel less resistant to hostile enchantments.
The centaur skeleton hits you but does no damage. x2
It was a potion of might.
You feel very mighty all of a sudden.
The orc priest calls down the wrath of Beogh upon you.
Beogh smites you!
You die... ... (z. #oz

#l#
#.#
#o#
#{#
#Z#
#♣#
#)#
#.#
#.#
#.#
#.#
#.#
#.#


You could see an iguana, 2 wights, an orc priest, an orc and a centaur skeleton.

Vanquished Creatures
  Sigmund (D:6)
  Duvessa (D:4)
  An ice beast (D:7)
  An ogre (D:4)
  2 centaurs
  Dowan (D:4)
  5 killer bees (D:9)
  A howler monkey (D:5)
  A jelly (D:7)
  Terence (D:2)
  An iguana (D:7)
  2 worker ants
  A hound skeleton (D:7)
  5 adders
  A dart slug (D:1)
  3 bats
  2 giant cockroaches
  A goblin (D:1)
  4 jackals (D:1)
  2 giant newts
  A kobold (D:2)
  2 rats
40 creatures vanquished.

Notes
Turn   | Place    | Note
--------------------------------------------------------------
     0 | D:1      | Charly the Minotaur Berserker began the quest for the Orb.
     0 | D:1      | Reached XP level 1. HP: 19/19 MP: 0/0
    32 | D:1      | Reached skill level 4 in Axes
    48 | D:1      | Reached XP level 2. HP: 23/26 MP: 1/1
   117 | D:2      | Found an oddly glowing altar of Pakellas.
   138 | D:2      | Reached skill level 5 in Axes
   138 | D:2      | Reached XP level 3. HP: 21/31 MP: 2/2
   188 | D:2      | Noticed Terence
   200 | D:2      | Killed Terence
   200 | D:2      | Reached XP level 4. HP: 32/39 MP: 3/3
   201 | D:2      | Reached ** piety under Trog
   246 | D:3      | Reached skill level 6 in Axes
   292 | D:4      | Noticed Duvessa
   293 | D:4      | Noticed Dowan
   296 | D:4      | Noticed an ogre
   301 | D:4      | Killed Duvessa
   301 | D:4      | Reached XP level 5. HP: 46/46 MP: 4/4
   306 | D:4      | Killed an ogre
   306 | D:4      | Reached skill level 7 in Axes
   306 | D:4      | Reached XP level 6. HP: 46/52 MP: 5/5
   307 | D:4      | Killed Dowan
   325 | D:4      | Got a clouded copper ring
   326 | D:4      | Identified the ring "Qoitiq" {rC+ Dex+3} (You found it on level 4 of the Dungeon)
   338 | D:5      | Entered Level 5 of the Dungeon
   388 | D:6      | Noticed Sigmund
   389 | D:6      | Found a radiant altar of Vehumet.
   396 | D:6      | Killed Sigmund
   396 | D:6      | Reached XP level 7. HP: 60/60 MP: 6/6
   447 | D:7      | Reached skill level 5 in Fighting
   491 | D:7      | Reached skill level 8 in Axes
   522 | D:6      | Found a shadowy altar of Dithmenos.
   556 | D:8      | You fall through a shaft!
   600 | D:9      | Reached XP level 8. HP: 28/70 MP: 7/7
   663 | D:9      | Found a basalt altar of Yredelemnul.
   674 | D:10     | Entered Level 10 of the Dungeon
   678 | D:10     | Found Duhiavise's Assorted Antiques.
   684 | D:10     | Bought a sapphire potion for 31 gold pieces
   684 | D:10     | Bought a scroll labeled WOOWNU MEECWU for 35 gold pieces
   708 | D:11     | Reached skill level 9 in Axes
   708 | D:11     | Reached skill level 5 in Armour
   714 | D:11     | HP: 5/105 [centaur skeleton (3)]
   717 | D:11     | Killed from afar by an orc priest

Vault maps used:
D:1:      minmay_arrival_nine_rooms
D:2:      nicolae_overflow_hidden_temple, grunt_pakellas_basics, first_bread,
          serial_bayou_lagoon_a, uniq_terence
D:3:      kennysheep_slug_shrine, marbit_many_paths, nemelex_dance_club_becter
D:4:      serial_shops, nicolae_shop_trees, uniq_duvessa
D:5:      st_stairs_5
D:6:      lemuel_upstairs_altar, kennysheep_mini, vehumet_crystals,
          grunt_dithmenos_smoke_and_mirrors, lemuel_temple_firewalk_marked,
          serial_curves, eino_curves_01, eino_curves_04, eino_curves_02,
          kennysheep_generic_room_11, uniq_sigmund
D:7:      nemelex_xobeh_ov_fountains_minmay, grunt_livestock
D:8:      nicolae_gozag_cash_rules_everything_around_me,
          grunt_temple_overflow_open, lair_0_dummy, serial_co_window_serial,
          co_window_paths_a, co_window_paths_a, co_window_cross_1,
          co_window_of_opportunity_a, co_window_of_opportunity_a,
          co_window_2corner, co_window_2corner, co_window_corner_b,
          co_window_2corner, co_window_corner_b, glass_columns_a,
          glass_columns_b, glass_columns_b, glass_columns_a
D:9:      lemuel_round_altar, grunt_ministairs_13,
          onia_ninara_dug_in_and_dangerous
D:10:     david_orc_5, serial_shops, nicolae_shop_statue_plus, shop,
          nicolae_shop_waterfront
D:11:     lightli_minifort

Skill      XL: |  1  2  3  4  5  6  7  8 |
---------------+-------------------------+-----
Axes           | 4 5 6 7 8 9 |  9.0
Fighting       | 4 5 |  5.9
Armour         | 3 4 5 |  5.0
Dodging        | 3 4 |  4.7

Action                   |  1- 3 |  4- 6 |  7- 9 || total
-------------------------+-------+-------+-------++-------
Melee: Hand axe          |    29 |    43 |    54 ||   126
       Headbutt          |     2 |    11 |     8 ||    21
Invok: Berserk           |     3 |     2 |     2 ||     7
       Trog's Hand       |       |     1 |     2 ||     3
  Use: Scroll            |       |       |     2 ||     2
       Potion            |       |       |     5 ||     5
  Eat: Beef jerky        |     1 |       |       ||     1
       Fruit             |     5 |       |       ||     5
Armor: Animal skin       |     3 |       |       ||     3
       Scale mail        |       |     8 |    17 ||    25
       Skin              |       |       |    30 ||    30
Dodge: Dodged            |    17 |    25 |    34 ||    76
